 Dungeon Crawl Stone Soup version 0.21-a0-50-g941c862 (webtiles) character file.

8458 Conn321 the Destroyer (level 11, -6/60 HPs)
             Began as a Kobold Conjurer on May 26, 2017.
             Was a Priest of Sif Muna.
             Mangled by a black mamba (17 damage)
             ... on level 3 of the Lair of Beasts on June 11, 2017.
             The game lasted 01:00:17 (14429 turns).

Conn321 the Destroyer (Kobold Conjurer)            Turns: 14429, Time: 01:00:18

Health: -6/60      AC: 14    Str:  6    XL:     11   Next: 56%
Magic:  3/23       EV: 20    Int: 19    God:    Sif Muna [***...]
Gold:   642        SH:  0    Dex: 18    Spells: 15/27 levels left

rFire    + . .     SeeInvis +   u - +2 dagger (protect)
rCold    x . .     Gourm    .   (shield restricted)
rNeg     + . .     Faith    .   i - +2 robe {rN+}
rPois    .         Spirit   .   (no helmet)
rElec    .         Reflect  .   (no cloak)
rCorr    .         Harm     .   e - +2 pair of gloves
MR       +....                  (no boots)
Stlth    ++++......             p - amulet of regeneration
Regen    0.6/turn               t - ring of see invisible
MPRegen  0.2/turn               H - ring of fire

@: lethally poisoned (-6 -> -34), protection aura
A: talons 1, agile 1, blurry vision 1, carnivore 3, magic resistance 1
a: Divine Energy, Channel Magic, Renounce Religion


You were on level 3 of the Lair of Beasts.
You worshipped Sif Muna.
Sif Muna was most pleased with you.
You were very full.

You visited 3 branches of the dungeon, and saw 14 of its levels.
You also visited: Volcano.

You collected 642 gold pieces.

Inventory:

Hand Weapons
 d - a +0 short sword
 u - a +2 dagger of protection (weapon)
 x - a +1 short sword of speed
Missiles
 r - 6 tomahawks (quivered)
Armour
 e - a +2 pair of gloves (worn)
 i - a +2 robe of positive energy (worn)
Jewellery
 k - a +3 ring of strength
 n - an uncursed ring of protection from fire
 p - an amulet of regeneration (around neck)
 t - a ring of see invisible (left hand)
 w - an uncursed ring of resist corrosion
 H - a ring of fire (right hand)
Wands
 j - a wand of disintegration (11/24)
 m - a wand of random effects (16/48)
 v - a wand of confusion (9/48)
 z - a wand of confusion (30/48)
 D - a wand of iceblast (3/15)
 N - a wand of polymorph (12/24)
Scrolls
 f - 4 scrolls of remove curse
 g - 11 scrolls of identify
 y - 3 scrolls of recharging
 B - 2 scrolls of vulnerability {unknown}
 C - a scroll of magic mapping {unknown}
 F - a scroll of enchant weapon {unknown}
 I - a scroll of enchant armour
 J - a scroll of summoning {unknown}
 K - a scroll of blinking {unknown}
 L - a scroll of teleportation {unknown}
Potions
 h - 2 potions of cancellation
 l - 2 potions of agility
 q - a potion of heal wounds
 s - 2 potions of might
 G - a potion of resistance {unknown}
 M - a potion of magic
Books
 b - a book of Conjurations

   Spells                             Type                      Level
   a - Magic Dart                     Conjuration                  1
   b - Searing Ray                    Conjuration                  2
   c - Dazzling Spray                 Conjuration/Hexes            3
   d - Fulminant Prism                Conjuration/Hexes            4
   e - Force Lance                    Conjuration/Translocation    4
   f - Iskenderun's Mystic Blast      Conjuration                  4
 A - a book of Air

   Spells                             Type                      Level
   a - Shock                          Conjuration/Air              1
   b - Swiftness                      Charms/Air                   2
   c - Static Discharge               Conjuration/Air              3
   d - Airstrike                      Air                          4
   e - Lightning Bolt                 Conjuration/Air              5
Comestibles
 c - 3 meat rations
 o - 4 royal jellies
 E - 6 chunks of flesh


   Skills:
 + Level 3.8 Fighting
 + Level 7.7 Short Blades
 + Level 1.4 Throwing
 + Level 7.1 Dodging
 + Level 8.9 Stealth
 * Level 8.9 Spellcasting
 * Level 9.2 Conjurations
 + Level 2.6 Hexes
 * Level 4.8 Translocations
 + Level 1.7 Evocations


You had 15 spell levels left.
You knew the following spells:

 Your Spells              Type           Power        Failure   Level  Hunger
a - Magic Dart            Conj           ####         1%          1    None
b - Dazzling Spray        Conj/Hex       ####..       2%          3    None
c - Force Lance           Conj/Tloc      #####...     4%          4    ###....
d - Iskenderun's Mystic   Conj           #####...     1%          4    ###....


Dungeon Overview and Level Annotations

Branches:
Dungeon (10/15)            Temple (1/1) D:5            Lair (3/6) D:9
  Snake (0/4) Lair:2
  Swamp: Lair:2-4    Shoals: Lair:2-4       Orc: D:9-12

Altars:
Ashenzari
Cheibriados
Dithmenos
Elyvilon
Fedhas
Gozag
Hepliaklqana
Kikubaaqudgha
Makhleb
Nemelex Xobeh
Okawaru
Ru
Sif Muna
Trog
Uskayaw
Vehumet
Wu Jian
Xom
Yredelemnul
Zin
The Shining One


Innate Abilities, Weirdness & Mutations

You are small and have problems with some larger weapons.
You are carnivorous and can eat meat at any time.
You have sharp toenails.
You are agile. (Dex +2)
Scrolls take you a little longer to read.
You are resistant to hostile enchantments. (MR+)


Message History

You claw the black mamba, but do no damage.
The black mamba is severely wounded.
You feel sick. The black mamba bites you!
The hippogriff screeches!
Unknown command.
You barely miss the black mamba.
The black mamba is severely wounded.
You feel sick.
The black mamba bites you but does no damage.
Unknown command.
Really read with blurry vision while enemies are nearby?
You feel sick. The black mamba bites you.
* * * LOW HITPOINT WARNING * * *
You are lethally poisoned!
The black mamba poisons you!
You begin reading the scroll.
You continue reading the scroll.
* * * LOW HITPOINT WARNING * * *
You feel very sick. The black mamba bites you!
You die...

#....
#.....
#.....
..H.# ...#
##..####.
#........
#@.⌠.....
#..S.#....
###H.# .
...# ....#
#.....
##....
....


You could see 2 hippogriffs and a black mamba.

Vanquished Creatures
  The ghost of yrara the Covered, a novice DsFi (D:4)
  3 spiny frogs (Lair:2)
  A kobold demonologist (D:10)
  3 komodo dragons
  The ghost of yrara the Cudgeler, an amateur DsFi of Gozag (D:5)
  Prince Ribbit (D:6)
  A hornet (D:9)
  2 hippogriffs
  2 wyverns
  2 fire elementals
  2 hungry ghosts
  Edmund (D:6)
  4 water moccasins (Lair:2)
  4 porcupines
  Duvessa (D:5)
  2 sky beasts (D:7)
  An ice beast (D:8)
  An orc warrior (D:6)
  3 phantoms
  2 ogres
  2 wolves (Lair:2)
  2 centaurs
  5 crocodiles
  Blork the orc (D:5)
  3 bullfrogs
  Dowan (D:5)
  A water moccasin zombie (D:8)
  2 scorpions
  5 killer bees (D:7)
  2 wights
  2 crimson imps
  A centaur zombie (D:5)
  2 bullfrog zombies
  3 quasits
  3 hounds
  3 orc priests
  3 jellies
  A bullfrog skeleton (D:8)
  4 orc wizards
  8 iguanas
  8 worker ants
  A killer bee zombie (D:9)
  3 worker ant zombies
  3 gnolls (D:2)
  9 adders
  A shadow imp (D:5)
  A white imp (D:4)
  An ooze (D:4)
  4 worms (D:2)
  3 dart slugs
  4 leopard geckos
  24 orcs
  10 giant cockroaches
  4 goblins
  7 hobgoblins
  10 jackals
  7 kobolds
  5 quokkas
  3 bats
  6 frilled lizards
  A goblin zombie (D:4)
  A hobgoblin zombie (D:4)
  3 jackal skeletons
  2 kobold skeletons (D:4)
  2 leopard gecko skeletons
  2 orc zombies (D:4)
  7 rats
224 creatures vanquished.

Vanquished Creatures (others)
  A centaur (D:5)
  A hound (D:5)
  2 adders (D:5)
  A worm (D:5)
  A giant cockroach (D:5)
  2 fungi (Lair:2)
8 creatures vanquished.

Grand Total: 232 creatures vanquished

Notes
Turn   | Place    | Note
-------+----------+-------------------------------------------
     0 | D:1      | Conn321 the Kobold Conjurer began the quest for the Orb.
     0 | D:1      | Reached XP level 1. HP: 10/10 MP: 3/3
   378 | D:1      | Reached XP level 2. HP: 6/15 MP: 1/5
  1643 | D:2      | Reached XP level 3. HP: 19/19 MP: 0/6
  2309 | D:2      | Reached XP level 4. HP: 21/24 MP: 1/8
  2624 | D:3      | Upgraded the game from 0.21-a0-28-g9a7844a to 0.21-a0-42-gb537e02
  2650 | D:3      | Learned a level 3 spell: Dazzling Spray
  2655 | D:3      | Learned a level 4 spell: Force Lance
  2704 | D:3      | Reached skill level 1 in Short Blades
  3335 | D:3      | Reached XP level 5. HP: 28/28 MP: 0/9
  3515 | D:3      | Reached skill level 1 in Fighting
  3663 | D:4      | Noticed a phantom
  3787 | D:3      | Killed a phantom
  3787 | D:3      | Reached skill level 5 in Conjurations
  3787 | D:3      | Reached XP level 6. HP: 26/34 MP: 0/11
  3894 | D:4      | Found a glowing golden altar of the Shining One.
  4156 | D:4      | Reached skill level 1 in Throwing
  4369 | D:4      | Reached XP level 7. HP: 33/38 MP: 2/12
  4496 | D:4      | Noticed yrara's ghost (novice DsFi)
  4523 | D:5      | Entered Level 5 of the Dungeon
  4626 | D:5      | Found a radiant altar of Vehumet.
  4660 | D:5      | Noticed Blork the orc
  4695 | D:5      | Killed Blork the orc
  5119 | D:5      | Noticed yrara's ghost (amateur DsFi)
  5261 | D:6      | Found a shadowy altar of Dithmenos.
  5265 | D:6      | Noticed Prince Ribbit
  5276 | D:6      | Killed Prince Ribbit
  5276 | D:6      | Reached skill level 1 in Hexes
  5276 | D:6      | Reached XP level 8. HP: 22/44 MP: 9/15
  5408 | D:6      | Noticed Edmund
  5425 | D:6      | Killed Edmund
  5425 | D:6      | Reached skill level 5 in Stealth
  5425 | D:6      | Reached skill level 5 in Spellcasting
  5425 | D:6      | Reached skill level 6 in Conjurations
  6288 | D:5      | Killed yrara's ghost
  6288 | D:5      | Reached skill level 5 in Short Blades
  6288 | D:5      | Reached skill level 1 in Evocations
  6288 | D:5      | Reached XP level 9. HP: 15/48 MP: 1/17
  6418 | D:5      | Upgraded the game from 0.21-a0-42-gb537e02 to 0.21-a0-43-g1479571
  6557 | D:5      | Reached skill level 5 in Dodging
  6560 | D:5      | Found a shimmering altar of Xom.
  6708 | D:5      | Found a staircase to the Ecumenical Temple.
  6737 | D:5      | Noticed Dowan
  6740 | D:5      | Noticed Duvessa
  6762 | D:5      | Killed Duvessa
  6763 | D:5      | Killed Dowan
  6960 | D:4      | Gained mutation: You have sharp toenails. [potion of mutation]
  6960 | D:4      | Gained mutation: Scrolls take you a little longer to read. [potion of mutation]
  6960 | D:4      | Gained mutation: You are resistant to hostile enchantments. (MR+) [potion of mutation]
  6960 | D:4      | Gained mutation: You are agile. (Dex +2) [potion of mutation]
  7451 | D:4      | Killed yrara's ghost
  7451 | D:4      | Reached skill level 1 in Translocations
  7853 | D:2      | Found a snail-covered altar of Cheibriados.
  7901 | D:2      | Found an ancient bone altar of Kikubaaqudgha.
  8456 | Temple   | Entered the Ecumenical Temple
  8606 | Temple   | Became a worshipper of Sif Muna the Loreminder
  8814 | D:7      | Reached skill level 7 in Conjurations
  9021 | D:7      | Upgraded the game from 0.21-a0-43-g1479571 to 0.21-a0-50-g941c862
  9260 | D:7      | Reached XP level 10. HP: 54/54 MP: 19/19
  9884 | D:8      | Reached * piety under Sif Muna
 10618 | D:8      | Reached skill level 8 in Conjurations
 10742 | D:8      | Found a glowing silver altar of Zin.
 10743 | D:8      | Noticed an angel
 11781 | D:9      | Found a staircase to the Lair.
 11932 | D:9      | Noticed a two-headed ogre
 12014 | D:10     | Entered Level 10 of the Dungeon
 12105 | D:10     | Noticed a kobold demonologist
 12122 | D:10     | Killed a kobold demonologist
 12129 | D:10     | Reached ** piety under Sif Muna
 12364 | D:9      | Found a sparkling altar of Nemelex Xobeh.
 12364 | D:9      | Found an ornate altar of the Wu Jian Council.
 12364 | D:9      | Found a glowing golden altar of the Shining One.
 12364 | D:9      | Found a sacrificial altar of Ru.
 12366 | D:9      | Found a bloodstained altar of Trog.
 12711 | D:9      | Learned a level 4 spell: Iskenderun's Mystic Blast
 12712 | Lair:1   | Entered Level 1 of the Lair of Beasts
 12864 | Lair:1   | Found a dark tunnel.
 12871 | Volcano  | Entered a volcano
 12875 | Volcano  | Noticed Deathclocker's ghost (journeyman MiFi)
 12882 | Volcano  | Noticed an efreet
 13075 | Lair:1   | Reached XP level 11. HP: 50/60 MP: 3/23
 13328 | Lair:1   | Noticed a six-headed hydra
 13412 | Lair:2   | Found a staircase to the Snake Pit.
 13507 | Lair:2   | Reached skill level 9 in Conjurations
 14134 | Lair:2   | Reached *** piety under Sif Muna
 14398 | Lair:2   | Noticed a six-headed hydra
 14429 | Lair:3   | Mangled by a black mamba

Vault maps used:
D:1:      nicolae_arrival_washed_ashore, minmay_crystal_water
D:2:      old_standard_altar, lemuel_round_altar, minmay_misc_feat_plants
D:4:      first_bread, nicolae_tso_besieged_by_evil
D:5:      fiery_altar_vehumet, minmay_temple_entry_from_below_a, minivault_1,
          xom_confusion_cloud, uniq_blork_the_orc, uniq_duvessa
D:6:      kennysheep_spiral_hall, nicolae_dithmenos_shadow_blocks,
          uniq_prince_ribbit1, uniq_edmund
D:8:      nicolae_overflow_hidden_temple, zin_angel
D:9:      chequers_temple_overflow_minitemple
D:10:     serial_shops, shop
Temple:   minmay_temple_curvy_loop
Lair:1:   beast_lair_carwin_large_3, nicolae_volcano_entry_hallway,
          infiniplex_staircase_pool_2
Lair:2:   swamp_mist_pool, dummy_snake_entry, st_stairs_4, grunt_megastairs_3
Lair:3:   grunt_megastairs_5, infiniplex_staircase_pool
Volcano:  volcano_caves

Skill      XL: |  1  2  3  4  5  6  7  8  9 10 11 |
---------------+----------------------------------+-----
Stealth        | 3 4 6 7 8 |  8.9
Short Blades   | 1 3 4 5 6 7 |  7.7
Dodging        | 3 4 5 6 7 |  7.1
Spellcasting   | 3 4 5 6 8 |  8.9
Fighting       | 1 2 3 |  3.8
Conjurations   | 5 6 7 8 9 |  9.2
Throwing       | 1 |  1.4
Hexes          | 1 2 |  2.6
Evocations     | 1 |  1.7
Translocations | 2 3 4 |  4.8

Action                   |  1- 3 |  4- 6 |  7- 9 | 10-12 || total
-------------------------+-------+-------+-------+-------++-------
Melee: Short sword       |    52 |   146 |   246 |   124 ||   568
       Unarmed           |     5 |       |       |       ||     5
       Kick              |       |       |    17 |    71 ||    88
       Dagger            |       |       |       |   144 ||   144
Throw: Tomahawk          |       |     6 |     1 |     3 ||    10
 Cast: Magic Dart        |    80 |   121 |   176 |   167 ||   544
       Dazzling Spray    |       |     4 |    28 |    26 ||    58
       Force Lance       |       |       |     4 |    48 ||    52
       Iskenderun's Myst |       |       |       |     5 ||     5
Evoke: Wand              |       |       |    19 |    10 ||    29
       Phantom mirror    |       |       |       |     1 ||     1
  Use: Potion            |     1 |       |    14 |     4 ||    19
       Scroll            |       |       |     6 |     2 ||     8
 Stab: Sleeping          |     2 |     2 |     8 |     8 ||    20
       Invisible         |       |     3 |    10 |     6 ||    19
       Confused          |       |       |    10 |     4 ||    14
       Distracted        |       |       |     1 |       ||     1
  Eat: Chunk             |    13 |     7 |    15 |    35 ||    70
       Royal jelly       |       |       |       |     1 ||     1
Armor: Robe              |    13 |    27 |    28 |    56 ||   124
       Skin              |       |       |    25 |       ||    25
Dodge: Dodged            |    64 |   172 |   253 |   296 ||   785
